 Dungeon Crawl Stone Soup version 0.32-a0-401-g0bcb2a7693 (webtiles) character file.

Game seed: 3576963039556632864

749 GordonOverkill the Sneak (level 7, -4/36 HPs)
             Began as a Spriggan Delver on Feb 20, 2024.
             Was an Initiate of Sif Muna.
             Killed by divine providence
             ... invoked by an orc priest
              (9 damage)
             ... on level 4 of the Dungeon.
             The game lasted 00:12:41 (4721 turns).

GordonOverkill the Sneak (Spriggan Delver)          Turns: 4721, Time: 00:12:42

Health: -4/36      AC:  2    Str:  8    XL:     7   Next: 48%
Magic:  15/15      EV: 17    Int: 13    God:    Sif Muna [......]
Gold:   211        SH:  0    Dex: 17    Spells: 13/16 levels left

rFire   . . .        B - +2 club (spect)
rCold   . . .        (no shield)
rNeg    . . .        b - +0 robe
rPois   .            (helmet restricted)
rElec   .            (no cloak)
rCorr   .            (gloves unavailable)
SInv    +            (boots unavailable)
Will    +....        n - amulet of faith
Stlth   ++++         t - ring of wizardry
HPRegen 0.26/turn    (no ring)
MPRegen 0.14/turn

%: faith, wizardry (x1)
@: very quick
A: very small, no large weapons, unfitting armour, see invisible, speed 3,
inability to read after injury 1
a: Renounce Religion


You were on level 4 of the Dungeon.
You worshipped Sif Muna.
Sif Muna was noncommittal.
You visited 2 branches of the dungeon, and saw 7 of its levels.

You collected 211 gold pieces.

Inventory:

Hand Weapons
 a - a +0 short sword
 i - a +0 sling
 B - a +2 spectral club (weapon)
Missiles
 v - 13 poisoned darts (quivered)
Armour
 b - a +0 robe (worn)
Magical Staves
 s - a staff of fire
Jewellery
 e - an amulet of magic regeneration
 n - an amulet of faith (around neck)
 t - a ring of wizardry (left hand)
 z - an amulet of regeneration
Wands
 g - a wand of digging (3)
 w - a wand of roots (14)
 x - a wand of mindburst (17)
Scrolls
 c - a scroll of fog
 d - a scroll of revelation
 j - 8 scrolls of identify {unknown}
 k - a scroll of vulnerability {unknown}
 m - 2 scrolls of blinking {unknown}
 o - 2 scrolls of poison {unknown}
 p - 2 scrolls of enchant weapon {unknown}
 q - 2 scrolls of fear
 y - 2 scrolls of teleportation {unknown}
 C - a scroll of amnesia {unknown}
Potions
 f - a potion of haste
 h - a potion of berserk rage {unknown}
 l - a potion of might {unknown}
 r - 2 potions of magic {unknown}
 u - a potion of mutation
 A - a potion of degeneration {unknown}
 D - a potion of lignification {unknown}


   Skills:
 - Level 3.0 Fighting
 - Level 2.1 Short Blades
 - Level 2.6 Dodging
 - Level 7.2 Stealth
 - Level 5.0 Spellcasting
 - Level 4.0 Conjurations
 - Level 3.0 Translocations
 + Level 2.4 Invocations
 - Level 2.0 Evocations


You had 13 spell levels left.
You knew the following spells:

 Your Spells              Type           Power      Damage    Failure   Level
a - Teleport Other        Tloc           11%        N/A       6%          3

Your spell library contained the following spells:

 Spells                   Type           Power      Damage    Failure   Level
 Lesser Beckoning         Tloc           22%        N/A       3%          2
 Gell's Gravitas          Tloc           11%        N/A       6%          3


Dungeon Overview and Level Annotations

Branches:
Dungeon (6/15)             Temple (1/1) D:4

Altars:
Ashenzari
Dithmenos
Elyvilon
Fedhas
Gozag
Makhleb
Nemelex Xobeh
Qazlal
Ru
Sif Muna
Trog
Wu Jian
Xom
Yredelemnul
Zin
The Shining One

Annotations:
D:3 3 runed translucent doors, Snipperlap's ghost, amateur GnWn
D:5 Menkaure


Innate Abilities, Weirdness & Mutations

You are very small and have problems with some larger weapons.
You are too small for most types of armour.
You have supernaturally acute eyesight. (SInv)
You cover ground extremely quickly. (Speed+++)
You occasionally lose the ability to read scrolls when taking damage.


Message History

An orc is nearby!
You shoot a sling bullet. The orc shouts!
The sling bullet hits the orc.
The orc is heavily wounded.
You hear a shout! x2
You shoot a sling bullet.
The sling bullet closely misses the orc.
The sling bullet hits the orc priest but does no damage.
You shoot a sling bullet.
The sling bullet closely misses the orc.
The orc closely misses you.
You shoot a sling bullet.
The sling bullet closely misses the orc.
The orc priest hits you but does no damage.
The orc hits you with a +0 club. The orc priest hits you with a +0 whip.
You feel a bond with your +2 spectral club.
B - a +2 spectral club (weapon)
Okay, then.
You barely miss the orc priest.
Your +2 spectral club hits the orc priest.
The orc hits you with a +0 club. The orc priest hits you with a +0 whip.
The orc closely misses you. The orc priest hits you with a +0 whip.
* * * LOW HITPOINT WARNING * * *
Your +2 spectral club disappears.
The orc hits you with a +0 club.
* * * LOW HITPOINT WARNING * * *
The orc priest mumbles some strange prayers to Beogh against you.
Beogh smites you!
* * * LOW HITPOINT WARNING * * *
The orc priest closely misses you.
You hear a shout!
You climb upwards.
There is a stone staircase leading down here.
It was a potion of mutation.
You feel extremely strange.
You occasionally lose the ability to read scrolls when taking damage.
The orc misses you.
The orc priest mumbles some strange prayers to Beogh against you.
Beogh smites you!
You die...

.# #.#.# #.# #.#
.####.#.###.# #.#
#...........# #.#
#.###.#.###.# #.#
........#
#.#########.#
........#
#...........#
........#
#############
........##########
..............oo@#
.......###########
.......# .......#
.......# .......#
.......# .......#
.......#


You could see an orc priest and an orc.

Vanquished Creatures
  An ice beast (D:5)
  An ogre (D:4)
  A phantom (D:5)
  A bullfrog (D:6)
  A scorpion (D:4)
  2 bombardier beetles (D:5)
  2 hounds
  Jessica (D:3)
  Terence (D:3)
  7 adders
  A dart slug (D:4)
  4 ribbon worms
  6 orcs
  6 ball pythons
  9 bats
  4 endoplasms
  A giant cockroach (D:3)
  5 hobgoblins
  7 kobolds
  3 quokkas
  6 frilled lizards
  5 goblins
  3 rats
78 creatures vanquished.

Notes
Turn   | Place    | Note
-------+----------+-------------------------------------------
     0 | D:5      | GordonOverkill the Spriggan Delver began the quest for the
                  | Orb.
     0 | D:5      | Reached XP level 1. HP: 11/11 MP: 2/2
     1 | D:6      | Noticed a bullfrog
     3 | D:6      | Killed a bullfrog
     4 | D:6      | Reached skill level 1 in Conjurations
     4 | D:6      | Reached XP level 2. HP: 16/16 MP: 2/7
     4 | D:6      | Reached XP level 3. HP: 20/20 MP: 2/8
    68 | D:6      | Noticed a wight
    68 | D:6      | Noticed a wight
   117 | D:5      | Noticed a phantom
   140 | D:5      | Killed a phantom
   141 | D:5      | Reached XP level 4. HP: 19/24 MP: 9/9
   141 | D:5      | Reached XP level 5. HP: 22/28 MP: 10/10
   319 | D:5      | Noticed Menkaure
   336 | D:4      | Found Allit's Distillery.
   840 | D:4      | Noticed an ogre
   918 | D:3      | Reached skill level 1 in Evocations
   927 | D:3      | Noticed Terence
  1797 | D:1      | Learned a level 3 spell: Teleport Other
  1887 | D:1      | Reached skill level 1 in Translocations
  2116 | D:2      | Reached XP level 6. HP: 32/32 MP: 11/11
  2425 | D:2      | Identified the -1 pair of gloves of Beihyp {Int+3}
  2998 | D:3      | Found a runed translucent gate.
  2998 | D:3      | Found a runed translucent gate.
  2998 | D:3      | Found a runed translucent gate.
  2999 | D:3      | Noticed Snipperlap's ghost (amateur GnWn)
  3304 | D:3      | Noticed Jessica
  3309 | D:3      | Killed Jessica
  3500 | D:3      | Killed Terence
  3780 | D:4      | Reached XP level 7. HP: 36/36 MP: 14/14
  4069 | D:4      | Found a staircase to the Ecumenical Temple.
  4082 | Temple   | Entered the Ecumenical Temple
  4098 | Temple   | Became a worshipper of Sif Muna the Loreminder
  4291 | D:5      | Reached skill level 5 in Spellcasting
  4291 | D:5      | Reached skill level 1 in Invocations
  4721 | D:4      | Gained mutation: You occasionally lose the ability to read
                  | scrolls when taking damage. [potion of mutation]
  4721 | D:4      | Killed from afar by an orc priest

Illustrated notes

Levels and vault maps discovered:
D:1:      zelgadis_glass_arrival_large, layout_loops_ring
D:2:      layout_rooms, grunt_decor_junction, chequers_decorated_corner,
          minmay_quadrilaterals
D:3:      layout_rooms, gammafunk_ghost_necromancy, guppyfry_early_lair_pool,
          uniq_terence, uniq_jessica
D:4:      layout_basic, minmay_temple_entry_mini_moons, serial_shops, shop
D:5:      layout_basic, uniq_menkaure
D:6:      layout_basic
Temple:   eino_temple_rhombus

Skill      XL: |  1  2  3  4  5  6  7 |
---------------+----------------------+-----
Fighting       | 3 |  3.0
Spellcasting   | 3 4 5 |  5.0
Conjurations   | 1 2 3 4 |  4.0
Evocations     | 2 |  2.0
Translocations | 1 3 |  3.0
Invocations    | 2 |  2.4
Short Blades   | |  2.1
Dodging        | |  2.6
Stealth        | |  7.2

Action                     |  1- 3 |  4- 6 |  7- 9 || total
---------------------------+-------+-------+-------++-------
  Melee: Short sword       |     4 |    47 |     1 ||    52
         Club              |       |    14 |    10 ||    24
   Fire: Sling             |     3 |   236 |    19 ||   258
  Throw: Dart              |       |    14 |    26 ||    40
  Evoke: Wand              |       |     1 |       ||     1
    Use: Potion            |       |       |     1 ||     1
   Stab: Sleeping          |     2 |    11 |     4 ||    17
         Distracted        |       |     1 |       ||     1
 Armour: Robe              |     2 |    73 |    10 ||    85
  Dodge: Dodged            |       |   156 |    16 ||   172

Table legend: (Time is in decaauts)
 A = Elapsed time spent in this place.
 B = Non-inter-level travel time spent in this place.
 C = Inter-level travel time spent in this place.
 D = Time resting spent in this place.
 E = Time spent auto-exploring this place.
 F = Levels seen in this place.
 G = Mean time per level.
                   A        B        C        D        E       F      G
               +--------+--------+--------+--------+--------+-----+--------+
         Total |   3590 |   3478 |    112 |    941 |   1239 |   7 |  512.9 |
       Dungeon |   3569 |   3475 |     94 |    941 |   1239 |   6 |  594.8 |
        Temple |     20 |      2 |     18 |      0 |      0 |   1 |   20.0 |
               +--------+--------+--------+--------+--------+-----+--------+

Top non-repeatable levels by time:
     D:4: 775 daAuts
     D:2: 759 daAuts
     D:3: 753 daAuts
     D:1: 609 daAuts
     D:5: 600 daAuts
     D:6: 72 daAuts
  Temple: 20 daAuts
